 Dungeon Crawl Stone Soup version 0.24-a0-199-gc186064 (webtiles) character file.

Game seed: 7558543962266232184

10360 Djinn71 the Basher (level 11, -1/114 HPs)
             Began as a Gargoyle Fighter on Mar 18, 2019.
             Was a High Priest of Okawaru.
             Slain by an orc warrior
             ... wielding a +0 dire flail
              (13 damage)
             ... on level 11 of the Dungeon on Mar 19, 2019.
             The game lasted 00:59:52 (10723 turns).

Djinn71 the Basher (Gargoyle Fighter)              Turns: 10723, Time: 00:59:52

Health: -1/114     AC: 25    Str: 23    XL:     11   Next: 60%
Magic:  10/11      EV:  2    Int:  8    God:    Okawaru [*****.]
Gold:   617        SH:  6    Dex: 12    Spells: 10/10 levels left

rFire    . . .     SeeInvis .   y - +2 mace (drain)
rCold    + . .     Gourm    .   z - +2 buckler {reflect}
rNeg     + + +     Faith    .   (armour currently unavailable)
rPois    ∞         Spirit   .   (helmet currently unavailable)
rElec    .         Reflect  +   (cloak currently unavailable)
rCorr    .         Harm     .   (gloves currently unavailable)
MR       .....     NoTele   +   (boots currently unavailable)
Stlth    +.........             (no amulet)
HPRegen  0.29/turn              g - +2 ring of dexterity
MPRegen  0.12/turn              C - ring of protection from cold

@: tree-form
A: negative energy resistance 1, petrification resistance, rot immunity,
disrupted magic 1, AC +8
a: Heroism, Finesse, Renounce Religion


You were on level 11 of the Dungeon.
You worshipped Okawaru.
Okawaru was extremely pleased with you.
You were not hungry.
You were a tree.
You visited 1 branch of the dungeon, and saw 11 of its levels.
You also visited: Sewer.

You collected 857 gold pieces.
You spent 240 gold pieces at shops.

Inventory:

Hand Weapons
 a - a +4 flail
 y - a +2 mace of draining (weapon)
Armour
 n - a +0 plate armour (melded)
 u - a +1 helmet (melded)
 z - a +2 buckler of reflection (worn)
 J - a +1 pair of gloves of strength (melded)
Jewellery
 e - an uncursed ring of poison resistance
 g - a +2 ring of dexterity (left branch)
 C - a ring of protection from cold (right branch)
Wands
 m - a wand of disintegration (2)
 v - a wand of iceblast (7)
 K - a wand of polymorph (10)
 M - a wand of acid (7)
Scrolls
 j - 4 scrolls of teleportation
 l - 4 scrolls of remove curse {unknown}
 p - a scroll of magic mapping {unknown}
 r - 4 scrolls of blinking {unknown}
 s - a scroll of fear {unknown}
 w - 2 scrolls of immolation {unknown}
 A - a scroll of vulnerability {unknown}
 B - 5 scrolls of identify
 E - a scroll of torment {unknown}
 H - 2 scrolls of brand weapon {unknown}
 L - a scroll of fog {unknown}
 N - a scroll of noise {unknown}
Potions
 b - a potion of invisibility {unknown}
 c - a potion of heal wounds {unknown}
 d - a potion of ambrosia {unknown}
 h - 2 potions of flight
 i - a potion of resistance {unknown}
 k - a potion of berserk rage {unknown}
 o - a potion of brilliance {unknown}
 q - 4 potions of haste
 t - 2 potions of magic {unknown}
 x - 2 potions of degeneration {unknown}
 D - a potion of agility {unknown}
 F - 2 potions of lignification
 G - 2 potions of curing
 I - a potion of cancellation {unknown}
Comestibles
 f - 7 rations


   Skills:
 * Level 11.7 Fighting
 - Level 14.0 Maces & Flails
 + Level 3.8 Armour
 + Level 3.6 Shields


You had 10 spell levels left.
You didn't know any spells.
Your spell library contained the following spells:

 Spells                   Type           Power        Failure   Level  Hunger
 Confusing Touch          Hex            #.....       50%         1    ##.....
 Magic Dart               Conj           #...         50%         1    ##.....
 Shock                    Conj/Air       #...         50%         1    ##.....
 Summon Small Mammal      Summ           #...         50%         1    ##.....
 Call Imp                 Summ           #.......     65%         2    ###....
 Searing Ray              Conj           #.....       65%         2    ###....
 Swiftness                Chrm/Air       #.......     65%         2    ###....
 Call Canine Familiar     Summ           #.......     86%         3    ####...
 Confuse                  Hex            #.......     86%         3    ####...
 Dazzling Spray           Conj/Hex       #.....       86%         3    ####...
 Gell's Gravitas          Tloc           #.........   86%         3    ####...
 Static Discharge         Conj/Air       #.......     86%         3    ####...
 Summon Guardian Golem    Hex/Summ       #.......     86%         3    ####...
 Airstrike                Air            #.........   99%         4    #####..
 Force Lance              Conj/Tloc      #.......     99%         4    #####..
 Fulminant Prism          Conj/Hex       #.........   99%         4    #####..
 Iskenderun's Mystic Bla  Conj           #.......     99%         4    #####..
 Petrify                  Tmut/Erth      #.......     99%         4    #####..
 Summon Ice Beast         Ice/Summ       #.......     99%         4    #####..
 Summon Lightning Spire   Summ/Air       #.......     99%         4    #####..
 Lightning Bolt           Conj/Air       #.........   100%        5    ######.
 Metabolic Englaciation   Hex/Ice        #.........   100%        5    ######.
 Yara's Violent Unravell  Hex/Tmut       #.........   100%        5    ######.


Dungeon Overview and Level Annotations

Branches:
Dungeon (11/15)            Temple (0/1) D:4            Lair (0/6) D:10
    Orc: D:9-12

Altars:
Ashenzari
Dithmenos
Elyvilon
Hepliaklqana
Kikubaaqudgha
Makhleb
Okawaru
Qazlal
Ru
Trog
Uskayaw
Wu Jian

Shops:
D:7 [

Annotations:
D:9 exclusion: obsidian statue


Innate Abilities, Weirdness & Mutations

You are resistant to torment.
((Your stone body is resilient. (AC +8)))
You are immune to poison.
You resist negative energy. (rN+)
((You are resistant to electric shocks. (rElec)))
((You can survive without breathing.))
You are immune to petrification.
You are immune to rotting.
Your casting is slightly disrupted.


Message History

Your +0 plate armour melds into your body.
You feel weaker.
Your roots penetrate the ground.
The orc warrior hits you but does no damage.
The orc warrior hits you but does no damage. x2
The orc warrior hits you but does no damage.
The orc warrior hits you from afar with a cursed +0 trident.
* * * LOW HITPOINT WARNING * * *
You block the orc warrior's attack. x2
The orc warrior hits you but does no damage. x2
You block the orc warrior's attack.
The orc warrior hits you but does no damage.
You block the orc warrior's attack.
The orc warrior hits you from afar with a cursed +0 trident!
* * * LOW HITPOINT WARNING * * *
You block the orc warrior's attack.
The orc warrior hits you but does no damage. x2
The orc warrior hits you but does no damage.
The orc warrior hits you with a +0 dire flail!
You die...

#......... #########
#...........# #.......#
#...........# #.......#
#...........# #.......###
#...........#
#.........####...........#
#.......#...##...........+
#...)...###.##oo.........#
#####)### #.♣ooO.o.......#
#.# ####oo..o......# #.#
#.o.........# ##.#
########.#### #..# #o)[#
#.## #..ooo.o.# #####.####
+..oo.ooo# #........#
#...o.oo$# #........# ##
#........#


You could see 3 orc warriors, an ogre, an orc priest and 5 orcs.

Vanquished Creatures
  2 slime creatures
  Pikel (D:5)
  A manticore (D:11)
  The ghost of edsrzf the Conjurer, a novice OpWz (D:5)
  A troll (D:10)
  2 vampires
  3 wyverns
  9 yaks
  The ghost of SingularityNET the Chucker, an amateur TrHu of Wu Jian (D:4)
  Eustachio (D:5)
  A water moccasin (D:8)
  Duvessa (D:6)
  An acid dragon (D:10)
  3 porcupines (D:10)
  8 orc warriors
  2 slaves (D:5)
  An ice beast (D:7)
  4 black bears
  4 phantoms
  A sky beast (D:8)
  3 centaurs
  2 crocodiles (D:10)
  A big kobold (D:11)
  10 bullfrogs
  Dowan (D:6)
  3 jellies
  5 scorpions
  5 killer bees (D:7)
  5 wights (D:11)
  2 howler monkeys
  4 crimson imps
  A centaur zombie (D:8)
  3 orc priests
  7 hounds
  2 bullfrog skeletons
  A centaur skeleton (D:8)
  Natasha (thrice) (D:3)
  2 iguanas (D:10)
  13 orc wizards
  8 worker ants
  A hound zombie (D:9)
  3 hound skeletons
  A gnoll (D:1)
  20 adders
  A river rat (Sewer)
  4 shadow imps
  A white imp (D:7)
  2 oozes
  An adder zombie (D:6)
  An adder skeleton (D:4)
  3 worms
  4 dart slugs (D:1)
  7 leopard geckos
  65 orcs
  6 ball pythons
  4 giant cockroaches
  11 goblins
  15 hobgoblins
  16 jackals
  14 kobolds
  5 quokkas
  9 bats
  10 frilled lizards
  A jackal skeleton (D:7)
  7 rats
341 creatures vanquished.

Vanquished Creatures (others)
  A kobold (D:11)
  13 fungi (D:10)
  2 plants (D:10)
16 creatures vanquished.

Grand Total: 357 creatures vanquished

Notes
Turn   | Place    | Note
-------+----------+-------------------------------------------
     0 | D:1      | Djinn71 the Gargoyle Fighter began the quest for the Orb.
     0 | D:1      | Reached XP level 1. HP: 14/14 MP: 1/1
   144 | D:1      | Reached XP level 2. HP: 19/19 MP: 2/2
   186 | D:1      | Reached skill level 3 in Maces & Flails
   186 | D:1      | Reached XP level 3. HP: 17/24 MP: 3/3
   926 | D:1      | Reached XP level 4. HP: 28/29 MP: 4/4
  1096 | D:2      | Reached skill level 4 in Maces & Flails
  1244 | D:2      | Found a shattered altar of Ashenzari.
  1260 | D:2      | Reached XP level 5. HP: 32/34 MP: 5/5
  1328 | D:2      | Found a stormy altar of Qazlal.
  1721 | D:2      | Found a faded altar of an unknown god.
  1728 | D:2      | Became a worshipper of Ru the Awakened
  1820 | D:2      | Gained mutation: Your casting is slightly disrupted. [Ru
                  | sacrifice]
  2090 | D:3      | Reached skill level 5 in Maces & Flails
  2094 | D:3      | Noticed Natasha
  2105 | D:3      | Killed Natasha
  2105 | D:3      | Reached XP level 6. HP: 11/40 MP: 6/6
  2408 | D:3      | Reached skill level 5 in Fighting
  2480 | D:3      | Noticed Natasha
  2488 | D:3      | Killed Natasha
  2557 | D:3      | Noticed Natasha
  2569 | D:3      | Killed Natasha
  2689 | D:3      | Found an ornate altar of the Wu Jian Council.
  2970 | D:4      | Found a shadowy altar of Dithmenos.
  2974 | D:4      | Found an iron altar of Okawaru.
  2996 | D:4      | Fell from the grace of Ru
  2996 | D:4      | Became a worshipper of Warmaster Okawaru
  3029 | D:4      | Found a staircase to the Ecumenical Temple.
  3137 | D:4      | Found a transporter.
  3143 | D:4      | Found a transporter.
  3143 | D:4      | Noticed SingularityNET's ghost (amateur TrHu)
  3145 | D:4      | Noticed a phantom
  3180 | D:4      | Noticed a phantom
  3201 | D:4      | Killed a phantom
  3201 | D:4      | Reached skill level 6 in Maces & Flails
  3201 | D:4      | Reached XP level 7. HP: 36/44 MP: 7/7
  3403 | D:4      | Found a glowing drain.
  3407 | Sewer    | Entered a sewer
  3842 | D:4      | Killed SingularityNET's ghost
  3842 | D:4      | Reached * piety under Okawaru
  3852 | D:4      | Reached skill level 7 in Maces & Flails
  3894 | D:5      | Entered Level 5 of the Dungeon
  3916 | D:5      | Reached XP level 8. HP: 49/52 MP: 8/8
  4031 | D:5      | Noticed Eustachio
  4405 | D:5      | Killed Eustachio
  4405 | D:5      | Reached ** piety under Okawaru
  4405 | D:5      | Reached skill level 8 in Maces & Flails
  4641 | D:5      | Found a burning altar of Makhleb.
  4690 | D:5      | Found a runed translucent door.
  4694 | D:5      | Noticed edsrzf's ghost (novice OpWz)
  4715 | D:5      | Killed edsrzf's ghost
  4715 | D:5      | Reached skill level 9 in Maces & Flails
  4912 | D:5      | Noticed Pikel
  4927 | D:5      | Killed Pikel
  4927 | D:5      | Reached *** piety under Okawaru
  4927 | D:5      | Reached XP level 9. HP: 52/59 MP: 9/9
  5340 | D:5      | Reached skill level 10 in Maces & Flails
  5735 | D:6      | Noticed Duvessa
  5735 | D:6      | Noticed Dowan
  5746 | D:6      | Killed Duvessa
  5751 | D:6      | Killed Dowan
  5795 | D:6      | Noticed a +0 hand axe
  5796 | D:6      | Noticed a +0 dagger
  6304 | D:6      | Found a hide-covered altar of Uskayaw.
  6591 | D:7      | Found Pikusiav's Armour Emporium.
  6594 | D:7      | Bought a +2 buckler of reflection for 240 gold pieces
  6651 | D:7      | Reached **** piety under Okawaru
  6651 | D:7      | Reached skill level 11 in Maces & Flails
  6705 | D:7      | Reached XP level 10. HP: 66/66 MP: 10/10
  6723 | D:7      | Found a hazy altar of Hepliaklqana.
  6769 | D:7      | Found a white marble altar of Elyvilon.
  7623 | D:7      | Reached skill level 12 in Maces & Flails
  7817 | D:8      | Reached ***** piety under Okawaru
  7817 | D:8      | Reached skill level 10 in Fighting
  7860 | D:8      | Found a sacrificial altar of Ru.
  8024 | D:8      | Found a bloodstained altar of Trog.
  8512 | D:9      | Noticed an obsidian statue
  8623 | D:9      | Found an ancient bone altar of Kikubaaqudgha.
  8701 | D:10     | Entered Level 10 of the Dungeon
  8808 | D:10     | Found a staircase to the Lair.
  9139 | D:10     | Reached skill level 13 in Maces & Flails
  9155 | D:10     | Reached XP level 11. HP: 56/73 MP: 11/11
  9158 | D:10     | Received a gift from Okawaru
 10321 | D:11     | Noticed a manticore
 10331 | D:11     | Killed a manticore
 10364 | D:11     | Reached skill level 14 in Maces & Flails
 10723 | D:11     | Slain by an orc warrior

Levels and vault maps discovered:
D:1:      dpeg_arrival_morbid_curiosity, layout_loops_ring
D:2:      layout_basic, overflow_temple_1_default,
          chequers_ecumenical_altar_simple_redux, first_ration,
          nicolae_qazlal_general_emergency
D:3:      layout_loops_ring, lemuel_coloured_pillars_altar, uniq_natasha
D:4:      layout_rooms, okawaru_metal_pillars_3,
          minmay_temple_entry_glassed_door, chequers_ossuary_entry_cave,
          gup_sewer_entry_spiral, gammafunk_ghost_arena,
          grunt_dithmenos_smoke_and_mirrors
D:5:      layout_basic, lightli_temple_of_fire, gammafunk_ghost_grave,
          uniq_pikel, uniq_eustachio
D:6:      layout_loops_cross, dancing_weapons_uskayaw, uniq_duvessa
D:7:      layout_gridville, nicolae_overflow_crystal_walls, elyvilon_altar_5,
          serial_shops, nicolae_shop_behind_doors, minmay_fire_ice_demons
D:8:      layout_rooms, bloody_trog, lemuel_crystal_altar
D:9:      layout_roguey, lemuel_crystal_altar, minivault_16
D:10:     layout_roguey, due_lair_maze_entry_diamond, special_room
          [special_room_orc]
D:11:     layout_roguey [special_room_orc]
Sewer:    sewer_co_cracked_pipes

Skill      XL: |  1  2  3  4  5  6  7  8  9 10 11 |
---------------+----------------------------------+-----
Maces & Flails | 3 4 5 6 7 9 11 13 14 | 14.0
Fighting       | 4 5 6 8 9 10 11 | 11.7
Armour         | |  3.8
Shields        | |  3.6

Action                   |  1- 3 |  4- 6 |  7- 9 | 10-12 || total
-------------------------+-------+-------+-------+-------++-------
Melee: Flail             |   121 |   350 |   359 |       ||   830
       Mace              |       |       |    95 |   626 ||   721
Invok: Sacrifice Essence |       |     1 |       |       ||     1
       Heroism           |       |       |     1 |       ||     1
       Finesse           |       |       |       |     2 ||     2
Evoke: Wand              |       |       |     2 |    11 ||    13
  Use: Scroll            |       |     4 |     6 |     1 ||    11
       Potion            |       |       |     7 |     2 ||     9
  Eat: Chunk             |       |     2 |     2 |     5 ||     9
       Ration            |       |     2 |     3 |     3 ||     8
Armor: Scale mail        |    53 |   187 |   192 |       ||   432
       Plate armour      |       |       |    68 |   383 ||   451
       Skin              |       |       |       |    10 ||    10
Dodge: Dodged            |    42 |   123 |   138 |   113 ||   416
Block: Shield            |    68 |   151 |   178 |       ||   397
       Buckler           |       |       |    25 |   147 ||   172
       Reflection        |       |       |     2 |     9 ||    11

Table legend:
 A = Non-vault XP
 B = Vault XP
 C = Vault XP percentage of total XP
 D = Non-vault monster count
 E = Vault monster count
 F = Vault count percentage of total count
                 A         B        C        D         E       F
            +---------+---------+-------+---------+---------+-------
      Total |   11255 |    3546 |  24.0 |     258 |      81 |  23.9
            +---------+---------+-------+---------+---------+-------
        D:1 |      75 |       9 |  10.7 |      30 |       5 |  14.3
        D:2 |     173 |       0 |   0.0 |      38 |       0 |   0.0
        D:3 |     180 |      36 |  16.7 |      24 |       1 |   4.0
        D:4 |     190 |     372 |  66.2 |      11 |      10 |  47.6
        D:5 |     698 |    1151 |  62.2 |      18 |       3 |  14.3
        D:6 |     879 |     228 |  20.6 |      23 |       2 |   8.0
        D:7 |    1835 |      54 |   2.9 |      28 |       2 |   6.7
        D:8 |    1424 |       0 |   0.0 |      37 |       0 |   0.0
        D:9 |      91 |       0 |   0.0 |       4 |       0 |   0.0
       D:10 |    2579 |    1425 |  35.6 |      15 |      35 |  70.0
       D:11 |    3131 |     193 |   5.8 |      30 |       7 |  18.9
      Sewer |       0 |      78 | 100.0 |       0 |      16 | 100.0
            +---------+---------+-------+---------+---------+-------
